 Dungeon Crawl Stone Soup version 0.20.1-1-g8b1a95d (webtiles) character file.

51 Monsterracer the Vexing (level 3, 14/14 HPs)
             Began as a Felid Enchanter on Aug 25, 2017.
             Quit the game on level 3 of the Dungeon.
             The game lasted 00:06:45 (3384 turns).

Monsterracer the Vexing (Felid Enchanter)           Turns: 3384, Time: 00:06:46

Health: 14/14      AC:  1    Str:  4    XL:     3   Next: 58%
Magic:  7/7        EV: 18    Int: 17    God:
Gold:   85         SH:  0    Dex: 16    Spells: 0/6 levels left
                                        Lives:  0   Deaths: 1

rFire    . . .     SeeInvis +     - Unarmed
rCold    . . .     Gourm    .   (shield unavailable)
rNeg     . . .     Faith    .   (armour unavailable)
rPois    .         Spirit   .   (helmet unavailable)
rElec    .         Reflect  .   (cloak unavailable)
rCorr    .         Harm     .   (gloves unavailable)
MR       .....                  (boots unavailable)
Stlth    +++.......             (no amulet)
Regen    0.1/turn               (no ring)
MPRegen  0.1/turn               (no ring)

@: quick
A: no armour, no weapons or thrown items, stealth, claws 1, fangs 3, see
invisible, carnivore 3, speed 1, shaggy fur 1, slow metabolism 1, sharp paws
a: no special abilities


You were on level 3 of the Dungeon.
You were not hungry.

You visited 1 branch of the dungeon, and saw 3 of its levels.

You collected 85 gold pieces.

Inventory:

Scrolls
 e - a scroll of enchant weapon {unknown}
 i - a scroll of amnesia {unknown}
 k - a scroll of enchant armour {unknown}
 l - a scroll of remove curse {unknown}
 m - a scroll of identify {unknown}
 p - 3 scrolls of teleportation {unknown}
Potions
 c - a potion of agility {unknown}
 d - a potion of heal wounds {unknown}
 g - a potion of lignification {unknown}
 h - a potion of curing {unknown}
 j - a potion of degeneration {unknown}
 o - a potion of brilliance
 q - a potion of ambrosia {unknown}
Books
 a - a book of Maledictions

   Spells                             Type                      Level
   a - Corona                         Hexes                        1
   b - Ensorcelled Hibernation        Hexes/Ice                    2
   c - Confuse                        Hexes                        3
   d - Tukima's Dance                 Hexes                        3
   e - Dazzling Spray                 Conjuration/Hexes            3
Comestibles
 b - 3 meat rations
 f - a royal jelly
 n - a chunk of flesh


   Skills:
 - Level 2.6 Dodging
 + Level 4.9 Stealth
 * Level 3.1 Unarmed Combat
 + Level 2.3 Spellcasting
 + Level 5.3 Hexes


You couldn't memorise any spells.
You knew the following spells:

 Your Spells              Type           Power        Failure   Level  Hunger
a - Corona                Hex            ###....      2%          1    #......
b - Ensorcelled Hibernat  Hex/Ice        ##....       10%         2    ###....
c - Confuse               Hex            ###.....     6%          3    ###....


Dungeon Overview and Level Annotations

Branches:
Dungeon (3/15)

Altars:


Innate Abilities, Weirdness & Mutations

You cannot wear armour.
You are incapable of wielding weapons or throwing items.
Your paws allow you to move quietly. (Stealth)
You have sharp claws.
You have razor-sharp teeth.
You have supernaturally acute eyesight. (SInv)
You are carnivorous and can eat meat at any time.
You cover ground quickly.
You are covered in fur. (AC +1)
You have a slow metabolism.
Your sharp claws are effective at attacking unaware monsters.


Message History

Casting: Confuse
Confirm with . or Enter, or press ? or * to list all spells.
Aiming: Confuse
Press: ? - help, Shift-Dir - straight line, f/p - orc wizard
Aim: an orc wizard, wielding a dagger and wearing a robe (moderately wounded, fast, chance to defeat MR: 50%)
You miscast Confuse.
You are very lightly contaminated with residual magic.
You feel a bit tired.
* * * LOW MAGIC WARNING * * *
Okay, then.
It was a potion of brilliance.
You feel clever all of a sudden. The orc wizard casts a spell at you.
The puff of flame misses you. The orc wizard casts a spell at you.
The puff of flame hits you!
You die...
You are now level 3!
You rejoin the land of the living...
Are you sure you want to abandon this character and quit the game? (Confirm with "yes".)

############
.......@...#
#########..# #
... .# ####.
##.## # #....
....# #.#.#
.?..#
#.#.####.....#
#.#...o).....#
#%...####....#


There were no monsters in sight!

Vanquished Creatures
  4 adders
  An ooze (D:3)
  3 worms
  An orc (D:3)
  5 giant cockroaches
  6 goblins
  8 hobgoblins
  8 jackals
  A quokka (D:2)
  3 bats
  2 frilled lizards
  6 kobolds
  8 rats
56 creatures vanquished.

Notes
Turn   | Place    | Note
-------+----------+-------------------------------------------
     0 | D:1      | Monsterracer the Felid Enchanter began the quest for the Orb.
     0 | D:1      | Reached XP level 1. HP: 7/7 MP: 4/4
   106 | D:1      | HP: 3/7 [jackal (1)]
   121 | D:1      | HP: 2/7 [jackal (2)]
   387 | D:1      | Reached XP level 2. HP: 9/11 MP: 6/6
   430 | D:1      | Learned a level 2 spell: Ensorcelled Hibernation
  1062 | D:2      | HP: 4/11 [worm (7)]
  1430 | D:2      | Reached XP level 3. HP: 11/14 MP: 4/7
  1505 | D:2      | Learned a level 3 spell: Confuse
  1555 | D:2      | HP: 7/14 [poisoned by an adder]
  1948 | D:2      | HP: 7/14 [hobgoblin/club (2)]
  2188 | D:2      | Reached skill level 5 in Hexes
  2244 | D:2      | HP: 7/14 [hobgoblin (4)]
  2361 | D:2      | HP: 7/14 [jackal (2)]
  2583 | D:2      | HP: 6/14 [quokka (5)]
  2585 | D:2      | Reached XP level 4. HP: 7/18 MP: 8/8
  2898 | D:2      | HP: 9/18 [poisoned by an adder]
  3372 | D:3      | HP: 7/18 [orc wizard/dagger (4)]
  3375 | D:3      | HP: 3/18 [orc wizard/dagger (4)]
  3383 | D:3      | Killed from afar by an orc wizard
  3384 | D:3      | Reached XP level 3. HP: -5/14 MP: 0/7
  3384 | D:3      | Quit the game

Skill      XL: |  1  2  3 |
---------------+----------+-----
Unarmed Combat | 2 3 |  3.1
Hexes          | 5 |  5.3
Dodging        | |  2.6
Stealth        | |  4.9
Spellcasting   | |  2.3

Action                   |  1- 3 |  4- 6 || total
-------------------------+-------+-------++-------
Melee: Unarmed           |   123 |    50 ||   173
       Bite              |     4 |     2 ||     6
       Punch             |     1 |       ||     1
 Cast: Corona            |     5 |     1 ||     6
       Ensorcelled Hiber |    12 |     6 ||    18
       Confuse           |     3 |     2 ||     5
  Use: Potion            |       |     1 ||     1
 Stab: Sleeping          |    17 |     4 ||    21
       Distracted        |       |     1 ||     1
  Eat: Chunk             |    12 |     2 ||    14
Armor: Skin              |     2 |       ||     2
Dodge: Dodged            |    87 |    42 ||   129
